 Dungeon Crawl Stone Soup version 0.29-a0-307-gecccbbdb84 (webtiles) character file.

Game seed: 15749102739313882691

9 jmlagarto the Sneak (level 2, -5/14 HPs)
             Began as a Felid Delver on Mar 27, 2022.
             Killed from afar by an orc wizard (6 damage)
             ... with a magic dart
             ... on level 5 of the Dungeon.
             The game lasted 00:01:27 (111 turns).

jmlagarto the Sneak (Felid Delver)                   Turns: 111, Time: 00:01:27

Health: -5/14      AC:  1    Str:  8    XL:     2   Next: 6%
Magic:  3/3        EV: 18    Int: 17    God:
Gold:   16         SH:  0    Dex: 17    Spells: 1/1 levels left
                                        Lives:  0   Deaths: 0

rFire   . . .      SeeInvis +     - Unarmed
rCold   . . .      Faith    .   (shield unavailable)
rNeg    . . .      Spirit   .   (body armour unavailable)
rPois   .          Reflect  .   (helmet unavailable)
rElec   .          Harm     .   (cloak unavailable)
rCorr   .          Rampage  .   (gloves unavailable)
Will    .....                   (boots unavailable)
Stlth   +.........              (no amulet)
HPRegen 0.04/turn               g - +6 ring of intelligence
MPRegen 0.08/turn               (no ring)

@: confused, quick
A: very small, claws 1, fangs 3, see invisible, speed 1, shaggy fur 1, stealthy
paws, no weapons or thrown items, no armour, multi-lived
a: no special abilities


You were on level 5 of the Dungeon.
You visited 1 branch of the dungeon, and saw 1 of its levels.

You collected 16 gold pieces.

Inventory:

Missiles
 h - 11 stones
Jewellery
 g - a +6 ring of intelligence (left paw)
Wands
 e - a wand of digging (3)
Scrolls
 a - a scroll of fog
 b - a scroll of magic mapping
 c - a scroll of fear
 f - a scroll of amnesia {unknown}
 i - a scroll of vulnerability {unknown}
Potions
 d - a potion of haste


   Skills:
 + Level 3.1 Fighting
 + Level 3.0 Dodging
 + Level 6.7 Stealth
 + Level 2.2 Unarmed Combat


You had one spell level left.
You didn't know any spells.
Your spell library was empty.

Dungeon Overview and Level Annotations

Branches:
Dungeon (5/15)
 Temple: D:4-7

Altars:

Annotations:
D:5 Blork the orc


Innate Abilities, Weirdness & Mutations

You have sharp claws.
You have razor-sharp teeth.
You have supernaturally acute eyesight. (SInv)
You cover ground quickly. (Speed+)
You are covered in fur. (AC +1)
Your paws help you pounce on unaware monsters.
You are incapable of wielding weapons or throwing items.
You cannot wear armour.
You gain extra lives every three experience levels.


Message History

The orc wizard is moderately wounded.
You scratch the orc wizard.
The orc wizard is severely wounded.
The orc wizard hits you with a +0 dagger.
You scratch the orc wizard. Your claw misses the orc wizard.
The orc wizard is almost dead.
The orc wizard hits you with a +0 dagger.
You scratch the orc wizard but do no damage.
Your claw misses the orc wizard.
The orc wizard is almost dead.
The orc closely misses you. The orc wizard misses you.
You scratch the orc wizard but do no damage.
Your bite misses the orc wizard.
The orc wizard is almost dead.
The orc wizard points at you and mumbles some strange words.
You are confused.
The orc closely misses you.
You miss the orc wizard.
The orc wizard is almost dead.
The orc wizard hits you with a +0 dagger.
* * * LOW HITPOINT WARNING * * *
The orc completely misses you.
You closely miss the orc wizard.
The orc wizard is almost dead.
The orc wizard casts a spell.
The orc wizard flickers and vanishes for a moment.
The orc completely misses you.
You bump into the rock wall.
An orc comes into view. It is wielding a +0 short sword.
The orc completely misses you.
You barely miss the orc wizard.
The orc wizard is almost dead.
The orc wizard completely misses you.
The orc hits you from afar with a +0 trident.
* * * LOW HITPOINT WARNING * * *
You miss the orc wizard.
The orc wizard is almost dead.
The orc wizard points at you and mumbles some strange words.
The magic dart hits you.
You die...

#.......... ......
###.###..## ...###
#.##..## ...# #.#..## #
#.o #..<# ##.
############..## .. #
#........##...# .###.#
#...........#o###)....#
#.......†.###@.oO..#
#........#######so.#
#........###...#...#
#..............#.#.#
#........###.....#.#
#........# #....## .
#>.......# #....# .#
#........# #...## #
###########...o#


You could see an ogre, a scorpion, an orc wizard (invisible) and 2 orcs.

Vanquished Creatures
  An adder (D:5)
1 creature vanquished.

Notes
Turn   | Place    | Note
-------+----------+-------------------------------------------
     0 | D:5      | jmlagarto the Felid Delver began the quest for the Orb.
     0 | D:5      | Reached XP level 1. HP: 10/10 MP: 2/2
    32 | D:5      | Noticed a scorpion
    36 | D:5      | Noticed Blork the orc
    62 | D:5      | Reached XP level 2. HP: 14/14 MP: 3/3
    86 | D:5      | Noticed an ogre
   111 | D:5      | Killed from afar by an orc wizard

Illustrated notes

Levels and vault maps discovered:
D:5:      layout_rooms, st_stairs_4, kennysheep_opposing_triangles, uniq_pikel,
          uniq_eustachio, uniq_blork_the_orc, uniq_edmund

Skill      XL: |  1 |
---------------+----+-----
Dodging        | 3 |  3.0
Fighting       | |  3.1
Stealth        | |  6.7
Unarmed Combat | |  2.2

Action                   || total
-------------------------++-------
Melee: Unarmed           ||    10
 Stab: Sleeping          ||     1
Dodge: Dodged            ||     8

Table legend: (Time is in decaauts)
 A = Elapsed time spent in this place.
 B = Non-inter-level travel time spent in this place.
 C = Inter-level travel time spent in this place.
 D = Time resting spent in this place.
 E = Time spent auto-exploring this place.
 F = Levels seen in this place.
 G = Mean time per level.
                   A        B        C        D        E       F      G
               +--------+--------+--------+--------+--------+-----+--------+
         Total |     91 |     91 |      0 |      5 |     36 |   1 |   91.0 |
       Dungeon |     91 |     91 |      0 |      5 |     36 |   1 |   91.0 |
               +--------+--------+--------+--------+--------+-----+--------+

Top non-repeatable levels by time:
     D:5: 91 daAuts
